 Dungeon Crawl Stone Soup version 0.22-a0-877-g5c4e1afb51 (console) character file.

164 Lexodia the Skirmisher (level 5, 0/57 HPs)
             Began as an Ogre Berserker on July 29, 2018.
             Was a Believer of Trog.
             Slain by a leopard gecko (2 damage)
             ... on level 3 of the Dungeon.
             The game lasted 00:03:48 (2054 turns).

Lexodia the Skirmisher (Ogre Berserker)             Turns: 2054, Time: 00:03:49

Health: 0/57       AC:  3    Str: 22    XL:     5   Next: 45%
Magic:  5/5        EV: 10    Int:  8    God:    Trog [**....]
Gold:   106        SH:  0    Dex:  8    Spells: 4/4 levels left

rFire    . . .     SeeInvis .   h - -3 giant spiked club (curse)
rCold    . . .     Gourm    .   (shield currently unavailable)
rNeg     . . .     Faith    .   b - +0 animal skin
rPois    .         Spirit   .   (helmet restricted)
rElec    .         Reflect  .   (no cloak)
rCorr    .         Harm     .   (gloves unavailable)
MR       .....                  (boots unavailable)
Stlth    +.........             (no amulet)
HPRegen  0.19/turn              (no ring)
MPRegen  0.09/turn              (no ring)

@: no status effects
A: large, unfitting armour, tough skin 1
a: Berserk, Trog's Hand, Renounce Religion


You were on level 3 of the Dungeon.
You worshipped Trog.
Trog was pleased with you.
You were not hungry.

You visited 1 branch of the dungeon, and saw 3 of its levels.

You collected 106 gold pieces.

Inventory:

Hand Weapons
 a - a +0 mace
 h - a cursed -3 giant spiked club (weapon)
Armour
 b - a +0 animal skin (worn)
Scrolls
 e - a scroll of identify
 f - a scroll of teleportation
Potions
 d - a potion of lignification {unknown}
 g - 2 potions of resistance {unknown}
Comestibles
 c - 3 rations
 i - a chunk of flesh


   Skills:
 + Level 5.1 Fighting
 + Level 4.3 Maces & Flails
 + Level 3.5 Dodging
 + Level 0.1 Stealth


You had 4 spell levels left.
You didn't know any spells.
Your spell library was empty.

Dungeon Overview and Level Annotations

Branches:
Dungeon (3/15)

Altars:
Fedhas
Makhleb


Innate Abilities, Weirdness & Mutations

You are too large for most types of armour.
You have tough skin. (AC +1)


Message History

Huge Dmg: -13%(-7hp) hp: 9%(5hp)
You closely miss the leopard gecko. The leopard gecko barely misses you. x2
You closely miss the leopard gecko.
The leopard gecko bites you but does no damage.
The leopard gecko bites you.
* * * LOW HITPOINT WARNING * * *
Some of the chunks of flesh in your inventory have rotted away.
Huge Dmg: -5%(-3hp) hp: 6%(3hp)
You barely miss the leopard gecko.
The leopard gecko bites you but does no damage. x2
You barely miss the leopard gecko. The leopard gecko bites you.
* * * LOW HITPOINT WARNING * * *
The leopard gecko closely misses you.
Huge Dmg: -2%(-1hp) hp: 4%(2hp)
You miss the leopard gecko.
The leopard gecko bites you but does no damage.
The leopard gecko barely misses you.
You miss the leopard gecko. The leopard gecko closely misses you.
The leopard gecko bites you.
You die...

#(#
...
#.#
#.#
#.#
#.#
#l#
#@###
#..<#
#####


You could see a leopard gecko.

Vanquished Creatures
  A crimson imp (D:2)
  Jessica (D:2)
  Natasha (twice) (D:2)
  An ooze (D:1)
  2 worms (D:2)
  2 dart slugs (D:1)
  2 leopard geckos
  6 bats
  4 giant cockroaches
  3 goblins
  4 hobgoblins
  5 kobolds
  A ball python (D:1)
  4 frilled lizards
  4 rats (D:1)
42 creatures vanquished.

Notes
Turn   | Place    | Note
-------+----------+-------------------------------------------
     0 | D:1      | Lexodia the Ogre Berserker began the quest for the Orb.
     0 | D:1      | Reached XP level 1. HP: 24/24 MP: 1/1
    26 | D:1      | Huge Dmg: 4 dmg
    61 | D:1      | Huge Dmg: 4 dmg
    70 | D:1      | Huge Dmg: 2 dmg
    70 | D:1      | Reached XP level 2. HP: 8/32 MP: 2/2
   575 | D:1      | Reached XP level 3. HP: 39/40 MP: 3/3
   790 | D:1      | Reached ** piety under Trog
  1024 | D:2      | Noticed Jessica
  1042 | D:2      | Huge Dmg: 15 dmg
  1045 | D:2      | Killed Jessica
  1045 | D:2      | Reached XP level 4. HP: 28/49 MP: 4/4
  1185 | D:2      | Noticed Natasha
  1190 | D:2      | Killed Natasha
  1190 | D:2      | Reached skill level 5 in Fighting
  1201 | D:2      | Huge Dmg: 24 dmg
  1628 | D:2      | Found a blossoming altar of Fedhas.
  1661 | D:2      | Reached XP level 5. HP: 42/57 MP: 5/5
  1665 | D:2      | Found a burning altar of Makhleb.
  1989 | D:2      | Noticed Natasha
  1997 | D:2      | Huge Dmg: 14 dmg
  2000 | D:2      | Killed Natasha
  2038 | D:3      | Huge Dmg: 6 dmg
  2041 | D:3      | Huge Dmg: 5 dmg
  2049 | D:3      | Huge Dmg: 7 dmg
  2051 | D:3      | Huge Dmg: 3 dmg
  2052 | D:3      | HP: 2/57 [leopard gecko (2)]
  2053 | D:3      | Huge Dmg: 1 dmg
  2054 | D:3      | Slain by a leopard gecko

Vault maps used:
D:1:      minmay_arrival_plants_in_alcoves, minivault_24
D:2:      gammafunk_temple_overflow_statue, grunt_ministairs_13,
          dk_noncrumbling_3, uniq_jessica, uniq_natasha
D:3:      lemuel_coloured_pillars_altar

Skill      XL: |  1  2  3  4 |
---------------+-------------+-----
Maces & Flails | 3 4 |  4.3
Dodging        | 3 |  3.5
Fighting       | 5 |  5.1
Stealth        | |  0.1

Action                   |  1- 3 |  4- 6 || total
-------------------------+-------+-------++-------
Melee: Mace              |    97 |    20 ||   117
       Giant spiked club |       |   106 ||   106
Invok: Trog's Hand       |     1 |       ||     1
       Berserk           |       |     1 ||     1
  Use: Scroll            |       |     2 ||     2
  Eat: Chunk             |       |     5 ||     5
Armor: Animal skin       |    39 |    45 ||    84
Dodge: Dodged            |    73 |    75 ||   148

Table legend:
 A = Spawn XP
 B = Non-spawn XP
 C = Spawn XP percentage of total XP
 D = Spawn monster count
 E = Non-spawn monster count
 F = Spawn count percentage of total count
 G = Total turns spent on level
                    A         B        C        D         E        F      G
               +---------+---------+-------+---------+---------+-------+---------
         Total |       0 |     235 |   0.0 |       0 |      42 |   0.0 |  2054
               +---------+---------+-------+---------+---------+-------+---------
           D:1 |       0 |      48 |   0.0 |       0 |      25 |   0.0 |  1024
           D:2 |       0 |     185 |   0.0 |       0 |      16 |   0.0 |   997
           D:3 |       0 |       2 |   0.0 |       0 |       1 |   0.0 |    33
               +---------+---------+-------+---------+---------+-------+---------
